 Dungeon Crawl Stone Soup version 0.27.0-1-g7a089689b8 (webtiles) character file.

Game seed: 4032967864980502532

49 Amplified the Chiller (level 3, -1/18 HPs)
             Began as a Gargoyle Ice Elementalist on Aug 3, 2021.
             Was a Believer of Hepliaklqana.
             Slain by an adder (2 damage)
             ... on level 1 of the Dungeon.
             The game lasted 00:04:12 (2124 turns).

Amplified the Chiller (Gargoyle Ice Elementalist)   Turns: 2124, Time: 00:04:12

Health: -1/18      AC:  6    Str: 11    XL:     3   Next: 77%
Magic:  4/6        EV: 11    Int: 16    God:    Hepliaklqana [**....]
Gold:   63         SH:  0    Dex: 10    Spells: 0/7 levels left

rFire    . . .     SeeInvis .   g - +1 dagger (venom)
rCold    . . .     Faith    .   (no shield)
rNeg     + . .     Spirit   .   b - +0 leather armour
rPois    ∞         Reflect  .   (no helmet)
rElec    +         Harm     .   (no cloak)
rCorr    .         Rampage  .   (no gloves)
Will     .....                  (no boots)
Stlth    ++........             (no amulet)
HPRegen  0.06/turn              (no ring)
MPRegen  0.10/turn              (no ring)

@: brilliant
A: reduced essence, sickness immunity, AC +3, negative energy resistance 1,
electricity resistance, torment resistance 1, petrification resistance
a: Renounce Religion, Recall Ancestor, Ancestor Identity


You were on level 1 of the Dungeon.
You worshipped Hepliaklqana.
Hepliaklqana was pleased with you.
You visited 1 branch of the dungeon, and saw 3 of its levels.

You collected 63 gold pieces.

Inventory:

Hand Weapons
 a - a +0 dagger
 f - a +4 whip
 g - a +1 dagger of venom (weapon)
Missiles
 d - 18 poisoned darts
Armour
 b - a +0 leather armour (worn)
Magical Staves
 e - a staff of death
Potions
 h - 2 potions of flight {unknown}


   Skills:
 * Level 1.2 Fighting
 * Level 0.2 Short Blades
 - Level 0.8 Staves
 * Level 1.8 Armour
 - Level 1.5 Dodging
 - Level 2.1 Stealth
 - Level 2.6 Spellcasting
 * Level 4.0 Ice Magic
 * Level 0.0 Invocations


You couldn't memorise any spells.
You knew the following spells:

 Your Spells              Type           Power      Damage    Failure   Level
a - Freeze                Ice            88%        1d10      4%          1
b - Frozen Ramparts       Ice            44%        1d6       14%         3
c - Ozocubu's Armour      Ice            22%        N/A       14%         3

Your spell library contained the following spells:

 Spells                   Type           Power      Damage    Failure   Level
 Slow                     Hex            3%         N/A       36%         2
 Confusing Touch          Hex            3%         N/A       61%         3
 Conjure Flame            Conj/Fire      3%         6-21      61%         3
 Vampiric Draining        Necr           1%         2d6       61%         3
 Hailstorm                Conj/Ice       12%        3d5       75%         4
 Leda's Liquefaction      Hex/Erth       1%         N/A       95%         4
 Summon Mana Viper        Hex/Summ       3%         N/A       100%        5
 Discord                  Hex            1%         N/A       100%        8


Dungeon Overview and Level Annotations

Branches:
Dungeon (3/15)

Altars:
Hepliaklqana

Annotations:
D:2 Sigmund


Innate Abilities, Weirdness & Mutations

Your life essence is reduced to manifest your ancestor. (-10% HP)
You are immune to sickness and miasma.
Your stone body is resilient. (AC +3)
You are immune to poison.
You resist negative energy. (rN+)
You are resistant to electric shocks. (rElec)
You are resistant to unholy torment.
You are immune to petrification.


Message History

You climb upwards.
There is a stone staircase leading down here.
Unknown command.
You hit the adder but do no damage.
The adder is poisoned.
The adder closely misses you. The endoplasm barely misses you.
You miss the adder. The adder bites you but does no damage.
The endoplasm freezes you.
You are frozen.
You closely miss the adder.
The adder is lightly wounded.
The adder bites you but does no damage. The endoplasm freezes you.
You are frozen.
The adder closely misses you.
You are too injured to fight recklessly!
Unknown command.
The endoplasm freezes you.
You are frozen.
The adder closely misses you.
Casting: Freeze (safe; 4% risk of failure)
Confirm with . or Enter, or press ? or * to list all spells.
Aiming: Freeze (safe; 4% risk of failure)
Press: ? - help, Shift-Dir - straight line, f - adder
Aim: an adder (moderately wounded, very poisoned)
You feel a surge of power!
You freeze the adder.
The adder is severely wounded.
The adder bites you.
* * * LOW HITPOINT WARNING * * *
Casting: Freeze (safe; 4% risk of failure)
Confirm with . or Enter, or press ? or * to list all spells.
Aiming: Freeze (safe; 4% risk of failure)
Press: ? - help, Shift-Dir - straight line, f/p - adder
Aim: an adder (severely wounded, poisoned)
You feel a surge of power!
You freeze the adder.
The adder is almost dead.
The adder seems to slow down.
The endoplasm freezes you.
You are frozen.
* * * LOW HITPOINT WARNING * * *
The adder bites you.
You die...

# #.###....##..........# #
#.###....###.........#
#####.##......#.........#
..###.###...#.#..#.###..#
...#.##...###.#..#.# #..#
#.#####.#...#.##.#.# #..# #.#
#.#...#.##...###..# #.###
#.#...#...........#
#...###.........@J.####.#########
..#..##.#.#######S.# #..........
.###..#.#...## #..##############
..###.##.....#####>.......)....#.
### #.#......#........########.#.
#####.#......#........# #.#.
......#......#....>...# #.#.
#####.#......#........########.#.
#.#......#........#......)...


You could see an adder (poisoned, slow) and an endoplasm.

Vanquished Creatures
  An adder (D:2)
  2 dart slugs
  2 ball pythons (D:1)
  A bat (D:1)
  2 endoplasms (D:1)
  A giant cockroach (D:2)
  3 goblins
  A jackal (D:2)
  3 kobolds
  A quokka (D:1)
  3 rats
20 creatures vanquished.

Vanquished Creatures (collateral kills)
  An adder (D:2)
  A jackal (D:2)
  2 quokkas
  A bat (D:3)
  A frilled lizard (D:1)
  A kobold (D:2)
7 creatures vanquished.

Grand Total: 27 creatures vanquished

Notes
Turn   | Place    | Note
-------+----------+-------------------------------------------
     0 | D:1      | Amplified the Gargoyle Ice Elementalist began the quest for
                  | the Orb.
     0 | D:1      | Reached XP level 1. HP: 10/10 MP: 3/3
   227 | D:1      | Found a faded altar of an unknown god.
   235 | D:1      | Became a worshipper of Hepliaklqana the Forgotten
   235 | D:1      | Reached * piety under Hepliaklqana
   762 | D:1      | Reached XP level 2. HP: 14/14 MP: 5/5
   800 | D:1      | Reached skill level 1 in Armour
   808 | D:1      | Reached skill level 1 in Fighting
  1410 | D:2      | Reached XP level 3. HP: 18/18 MP: 3/6
  1795 | D:3      | Reached ** piety under Hepliaklqana
  1796 | D:3      | Remembered your ancestor Xiuhtonal as a knight
  1859 | D:3      | Got the Guide on Bewitchment and Flames
  1879 | D:3      | Learned a level 3 spell: Frozen Ramparts
  1883 | D:3      | Learned a level 3 spell: Ozocubu's Armour
  2095 | D:2      | Noticed Sigmund
  2124 | D:1      | Slain by an adder

Illustrated notes

Levels and vault maps discovered:
D:1:      dpeg_arrival_round_a, layout_basic,
          ebering_ecumenical_altar_sacrificial, serial_forest,
          infiniplex_forest_straight_2, infiniplex_forest_clump_curved,
          infiniplex_forest_straight_4, infiniplex_forest_straight_5,
          infiniplex_forest_clump_cross, infiniplex_forest_end_2,
          infiniplex_forest_corner_1, minmay_tromino_mix6
D:2:      layout_rooms, uniq_sigmund
D:3:      layout_basic

Skill      XL: |  1  2 |
---------------+-------+-----
Armour         | 1 |  1.8
Fighting       | 1 |  1.2
Short Blades   | |  0.2
Staves         | |  0.8
Dodging        | |  1.5
Stealth        | |  2.1
Spellcasting   | |  2.6
Ice Magic      | |  4.0

Action                   || total
-------------------------++-------
Melee: Dagger            ||    49
       Staff             ||     5
 Cast: Freeze            ||    14
Invok: Ancestor Identity ||     1
       Ancestor Life: Kn ||     1
  Use: Scroll            ||     2
       Potion            ||     1
 Stab: Sleeping          ||     3
Armor: Leather armour    ||    32
Dodge: Dodged            ||    51
